Map: Alcyone LE

Players

Wayne (Vanya) - Winner!

  • Race: Zerg Zerg
  • League: Master
  • Spawn Location: 7:00

Bunny

  • Race: Terran Terran
  • Spawn Location: 1:00

Event: IEM Katowice 2024

VOD

Have the link to the VOD?

Description

Time

  • Played on: Dec. 7, 2023, 1:44 p.m.
  • Length: 11:45

All games in this series

Show
View Real Time Build Order
Export as new Build Order

Wayne Zerg - Winner!

Build Orders: Pool First 

Get SALT Encoding   

  12  0:00  Drone  
  13  0:12  Overlord  
  13  0:16  Drone  
  14  0:30  Drone x2  
  16  0:40  Spawning Pool  
  15  0:45  Drone  
  15  0:49  Drone  
  17  1:11  Hatchery  
  16  1:12  Drone  
  17  1:25  Extractor  
  17  1:27  Zergling x4  
  17  1:28  Zergling x2  
  17  1:31  Queen  
  21  1:39  Overlord  
  21  1:49  Drone  
  23  2:01  Drone  
  23  2:07  Queen  
  25  2:13  Drone  
  26  2:21  Drone  
  27  2:23  Queen  
  29  2:30  Drone  
  30  2:37  Drone x2  
  30  2:42  Drone  
  33  2:49  Hatchery  
  32  2:54  Overlord  
  32  2:56  Drone  
  32  2:58  Drone  
  34  3:00  Drone  
  35  3:07  Drone  
  35  3:14  Roach Warren  
  35  3:15  Drone x2  
  36  3:21  Drone x3  
  36  3:23  Drone  
  40  3:29  Queen  
  42  3:35  Overlord  
  42  3:37  Overlord  
  42  3:55  Roach x6  
  54  4:00  Roach x2  
  58  4:04  Roach  
  58  4:05  Roach  
  58  4:09  Overlord  
  62  4:12  Roach  
  62  4:14  Drone x2  
  66  4:19  Overlord  
  66  4:28  Drone x5  
  66  4:29  Extractor  
  70  4:33  Queen  
  70  4:38  Overlord  
  72  4:39  Drone  
  72  4:43  Overlord  
  72  4:45  Overlord  
  73  4:50  Ravager  
  74  4:57  Drone x2  
  74  4:58  Drone x6  
  74  4:59  Drone  
  79  5:05  Drone  
  76  5:09  Drone  
  76  5:11  Drone x5  
  77  5:14  Drone  
  77  5:18  Extractor  
  73  5:25  Lair  
  73  5:27  Drone  
  68  5:29  Drone x2  
  68  5:30  Drone  
  68  5:31  Evolution Chamber x2  
  68  5:33  Extractor  
  68  5:34  Drone  
  69  5:36  Drone x2  
  71  5:44  Drone  
  71  5:48  Drone x3  
  71  5:49  Drone x4  
  79  5:51  Extractor x2  
  79  5:52  Hatchery  
  79  5:54  Drone x2  
  78  6:01  Zerg Melee Weapons Level 1  
  78  6:02  Zerg Ground Armor Level 1  
  78  6:05  Roach x3  
  78  6:09  Overlord  
  84  6:19  Overlord  
  84  6:21  Metabolic Boost  
  84  6:22  Glial Reconstitution  
  84  6:23  Drone  
  84  6:25  Overseer  
  85  6:26  Drone  
  85  6:27  Drone x9  
  85  6:31  Overlord  
  95  6:34  Drone  
  95  6:35  Drone, Infestation Pit  
  95  6:38  Baneling Nest  
  95  6:41  Roach x2  
  99  6:54  Drone x3  
  101  6:55  Extractor  
  101  6:56  Extractor  
  101  6:59  Overlord  
  102  7:01  Roach x4  
  102  7:02  Roach x4  
  116  7:13  Zergling x8  
  120  7:15  Hive  
  120  7:21  Zergling x2  
  120  7:22  Zergling x10  
  126  7:23  Hatchery  
  126  7:29  Centrifugal Hooks  
  125  7:32  Drone  
  125  7:33  Overlord  
  125  7:35  Drone x2  
  127  7:37  Zergling x2  
  127  7:43  Overlord x3  
  128  7:51  Overlord  
  128  7:53  Drone  
  128  7:54  Drone x2, Overlord  
  128  7:55  Infestor x2  
  135  7:58  Zerg Melee Weapons Level 2  
  135  7:59  Zerg Ground Armor Level 2  
  135  8:01  Zergling x2  
  135  8:04  Drone  
  135  8:05  Drone  
  137  8:06  Ravager x3  
  137  8:07  Spore Crawler  
  137  8:11  Zergling x14, Roach x4  
  154  8:23  Zergling x16  
  162  8:27  Adrenal Glands  
  162  8:28  Ultralisk Cavern  
  162  8:31  Viper x2  
  167  8:35  Zergling x10  
  169  8:43  Zergling x12  
  172  8:51  Overlord  
  172  8:54  Zergling x14  
  176  8:59  Baneling x11  
  176  9:00  Baneling x10  
  176  9:11  Zergling x20  
  176  9:14  Chitinous Plating  
  186  9:17  Overlord  
  186  9:44  Ultralisk x2  
  197  9:47  Spore Crawler  
  197  9:48  Overlord  
  197  9:50  Baneling x8  
  196  10:05  Hatchery  
  195  10:11  Zergling x10  
  195  10:12  Baneling x4  
  195  10:13  Baneling x2  
  200  10:26  Zergling x8  
  199  10:33  Anabolic Synthesis  
  185  10:39  Ultralisk x3  
  167  10:50  Zergling x34  
  164  11:00  Zergling x28  
  166  11:07  Zergling x20  
  166  11:08  Zergling x8  
  172  11:15  Ravager  
  172  11:16  Ravager x2  
  187  11:24  Drone x2  
  187  11:25  Drone  
  190  11:26  Drone x5  
Show
View Real Time Build Order
Export as new Build Order

Bunny Terran 

Build Orders: Reaper Expand 

Get SALT Encoding   

  12  0:00  SCV  
  13  0:13  SCV  
  14  0:17  Supply Depot  
  14  0:25  SCV  
  15  0:39  SCV  
  15  0:40  Barracks  
  16  0:43  Refinery  
  16  0:51  SCV  
  17  1:03  SCV  
  18  1:15  SCV  
  19  1:27  Reaper  
  19  1:28  Orbital Command  
  20  1:40  Command Center  
  20  1:49  Supply Depot  
  20  1:53  SCV  
  21  1:59  Marine  
  22  2:05  SCV  
  22  2:08  Factory  
  23  2:18  SCV  
  23  2:22  Barracks Reactor  
  24  2:30  SCV  
  25  2:42  SCV  
  26  2:44  Command Center  
  26  2:53  SCV  
  26  2:55  SCV  
  27  3:04  Hellion x2  
  31  3:07  Orbital Command  
  31  3:12  SCV  
  32  3:16  Starport  
  32  3:20  Refinery  
  32  3:22  Barracks Tech Lab  
  32  3:24  SCV  
  33  3:30  Hellion  
  33  3:33  SCV  
  36  3:36  Hellion  
  36  3:38  SCV  
  39  3:42  Marine  
  39  3:45  Stimpack  
  39  3:48  SCV  
  41  3:50  SCV  
  42  3:58  Orbital Command  
  42  3:59  Hellion  
  44  4:03  Viking  
  44  4:05  SCV  
  44  4:06  SCV  
  44  4:09  Hellion  
  49  4:11  Marine  
  50  4:18  SCV x2  
  50  4:24  Supply Depot  
  52  4:29  Bunker, Hellion, Marauder  
  52  4:31  Hellion  
  58  4:32  Orbital Command  
  58  4:38  SCV x2  
  58  4:41  Supply Depot  
  60  4:50  Barracks  
  60  4:51  Barracks  
  59  4:54  SCV  
  59  4:55  Marauder, SCV  
  49  5:12  SCV x3  
  44  5:17  Marauder  
  38  5:24  SCV x3  
  38  5:25  Starport Reactor  
  36  5:31  Combat Shield  
  36  5:35  Engineering Bay x2  
  36  5:36  Factory Tech Lab, SCV x3  
  36  5:39  Barracks Reactor  
  39  5:44  Marine  
  39  5:45  Refinery  
  39  5:48  SCV x3  
  39  5:49  Marine  
  43  5:50  Marine  
  43  5:55  Siege Tank  
  48  6:00  SCV x2  
  48  6:01  SCV  
  48  6:02  Refinery  
  48  6:03  Terran Infantry Weapons Level 1  
  51  6:10  Terran Infantry Armor Level 1  
  51  6:12  SCV  
  51  6:13  Marine x3, SCV x2  
  57  6:21  Marine x2, Supply Depot  
  57  6:25  SCV x3  
  62  6:27  Barracks  
  62  6:28  Barracks  
  62  6:32  Medivac  
  64  6:37  SCV x3  
  64  6:38  Medivac  
  69  6:43  Supply Depot  
  69  6:46  Siege Tank  
  72  6:49  SCV x3  
  75  6:55  Marine x4  
  75  6:56  Marine  
  80  7:04  SCV x3  
  83  7:09  Supply Depot x2  
  83  7:12  Medivac x2  
  87  7:21  Siege Tank  
  90  7:23  Barracks Reactor  
  90  7:24  SCV x3  
  90  7:29  Barracks Reactor  
  93  7:30  Marine x4  
  93  7:32  Supply Depot  
  93  7:33  Supply Depot  
  93  7:34  Supply Depot  
  93  7:36  Supply Depot  
  97  7:38  Marine  
  97  7:40  Armory  
  97  7:41  SCV x3  
  100  7:45  Refinery  
  100  7:47  Supply Depot  
  100  7:51  Marine x4  
  100  7:54  SCV x3  
  100  7:56  Concussive Shells, Marine  
  100  7:58  Siege Tank  
  108  8:06  Marine x4  
  108  8:09  Marine, Supply Depot  
  108  8:10  Factory  
  108  8:12  Supply Depot  
  113  8:14  Marauder, Medivac  
  113  8:17  Marine  
  113  8:18  Marine x2  
  120  8:21  SCV x3  
  120  8:24  Marine x3  
  120  8:25  Refinery  
  126  8:32  Supply Depot  
  126  8:33  Siege Tank  
  128  8:42  Marauder  
  128  8:43  Marine x6  
  128  8:44  Marine x2  
  128  8:48  Barracks  
  138  8:49  Barracks  
  138  8:54  Terran Infantry Weapons Level 2, Terran Infantry Armor Level 2  
  135  8:57  Terran Vehicle Weapons Level 1  
  135  9:00  Supply Depot  
  135  9:03  Factory Tech Lab  
  135  9:06  Supply Depot  
  135  9:07  Marauder  
  137  9:11  Marine x7  
  137  9:13  Marine  
  145  9:19  Barracks, Siege Tank  
  148  9:25  Medivac x2  
  148  9:28  Siege Tank  
  148  9:29  Marauder  
  157  9:35  SCV x3  
  157  9:37  Supply Depot  
  158  9:38  Barracks Tech Lab x2  
  158  9:42  Marine x4  
  158  9:43  Marine x3  
  161  9:49  Marine  
  161  9:50  Marauder  
  164  9:55  Supply Depot x2  
  164  9:59  Marauder  
  168  10:00  Marauder  
  168  10:04  Marine x7  
  168  10:06  Marine  
  176  10:11  Siege Tank, Marauder  
  176  10:12  Siege Tank  
  184  10:14  Barracks Tech Lab  
  184  10:18  Medivac x2  
  184  10:21  Marauder x2  
  190  10:33  Marauder  
  189  10:40  Marauder  
  189  10:42  Marauder x2  
  191  10:47  Siege Tank  
  191  10:48  Siege Tank  
  191  10:49  Marine  
  146  10:50  Marine x7  
  146  10:54  Marauder  
  135  11:01  Marauder  
  135  11:03  Marauder, Marine  
  121  11:07  Marine  
  121  11:10  Marine  
  121  11:11  Marine x4  
  124  11:15  Marine x3  

Tags
 
Add a new tag
Caveats
  • Supply blocks, unpowered buildings, or Contaminate may cause inaccurate times.
  • Supply counts are checked every 10 seconds.